← All builds
Suicide front / Armada / Factory first / OBSERVED BUILD

Standard suicide front

Armada Suicide front build order · Supreme Isthmus

The role's baseline: Bot Lab at 0:21 then straight into reclaim-fed T1 bot production to contest the middle and hold until T2 arrives, with an Advanced Metal Extractor around 9:45.

#rush · 2245 distinct matches · 261 players · 72% of Armada Suicide front games · team won 59% of 2635 · Recently observed

HOW TO PLAY IT

Key timing: Bot Lab by 0:20

  1. Open with mex and lab-first to get Bot Lab up by 0:20.
  2. Expand mex and wind while lab pumps units toward middle.
  3. Push Sentry and early Rocketeer, Centurion to contest middle.
  4. Get T2 constructor out once Pond's boost lets you spare metal.
  5. Upgrade mex to Advanced Metal Extractor as you transition off T1 spam.

Phase by phase

TYPICAL OF ITS 2245 GAMES
  1. 1
  2. 2
  3. 3
PLAY THE OPENING

Follow the example game's first 6:00 step by step: what to build now, what comes next, and where it goes. At 1× it keeps pace with your own game.

  1. 1

    Bot Lab first

    Order
    1. Bot LabBot Lab done ~0:26, middle half 0:20–0:33

    Some games also: mex (47%)

  2. 2

    Bot Lab to 5:00

    Economy
    • Metal Extractor5Mex
    • Wind Turbine4Wind
    Builders
    • Construction Bot3 Con bot
    • Lazarus2 Lazarus
    Army
    • Sentry4 Sentry
    • Rocketeer16 Rocketeer
    • Tick2 Tick
    • Centurion1 Centurion
    Other
    • Radar Tower1 Radar Tower

    Some games also: pawn (39%) · con turret (34%)

    By 5:00 in all: 5 mex · 4 wind

    The example game in this phase · 41 steps
    1. Wind
    2. TickTick
    3. PawnPawn
    4. Wind
    5. Mex
    6. Construction BotCon bot
    7. Mex
    8. SentrySentry
    9. LazarusLazarus
    10. Construction BotCon bot
    11. Mex
    12. Construction BotCon bot
    13. SentrySentry
    14. Radar TowerRadar Tower
    15. PawnPawn ×3
    16. LazarusLazarus
    17. SentrySentry
    18. CenturionCenturion
    19. Mex
    20. RocketeerRocketeer
    21. SentrySentry
    22. RocketeerRocketeer
    23. SentrySentry
    24. RocketeerRocketeer ×4
    25. Dragon's TeethDragon's Teeth
    26. RocketeerRocketeer
    27. Dragon's TeethDragon's Teeth
    28. RocketeerRocketeer ×3
    29. SentrySentry
    30. LazarusLazarus
    31. RocketeerRocketeer ×2
    32. SentrySentry
    33. RocketeerRocketeer ×5
    34. BeholderBeholder
    35. RocketeerRocketeer
    36. Dragon's TeethDragon's Teeth
    37. RocketeerRocketeer
    38. Dragon's TeethDragon's Teeth ×3
    39. RocketeerRocketeer
    40. Dragon's TeethDragon's Teeth
    41. LazarusLazarus
  3. 3

    5:00 to 10:00

    Economy
    • Metal Extractor1Mex
    • Wind Turbine15Wind
    Builders
    • Construction Turret2 Con turret
    • Lazarus2 Lazarus
    • Construction Bot1 Con bot
    Army
    • Sentry1 Sentry
    • Rocketeer8 Rocketeer

    Some games also: pawn (48%) · Radar Tower (46%) · centurion (44%) · tick (43%) · energy storage (42%) · eat Bot Lab (31%)

    By 10:00 in all: 6 mex · 21 wind · 1 energy storage · 2 con turret

    The example game in this phase · 132 steps
    1. RocketeerRocketeer
    2. SentrySentry
    3. RocketeerRocketeer
    4. LazarusLazarus
    5. Mex
    6. LazarusLazarus
    7. RocketeerRocketeer ×2
    8. Con turret
    9. RocketeerRocketeer ×2
    10. Mex
    11. Wind
    12. Radar TowerRadar Tower
    13. RocketeerRocketeer
    14. SentrySentry
    15. Wind
    16. Con turret
    17. Wind
    18. RocketeerRocketeer
    19. Wind
    20. CenturionCenturion
    21. Energy storage
    22. CenturionCenturion ×2
    23. Energy storage
    24. CenturionCenturion
    25. Wind ×5
    26. CenturionCenturion
    27. Wind ×4
    28. Construction BotCon bot
    29. Con turret
    30. Advanced Metal ExtractorT2 mexdone 9:28
    31. Wind
    32. Construction BotCon bot
    33. Wind ×3
    34. Construction BotCon bot
    35. Wind ×13
    36. Converter
    37. PawnPawn
    38. Wind
    39. Converter
    40. PawnPawn
    41. Converter
    42. Advanced Metal ExtractorT2 mex
    43. PawnPawn
    44. Con turret
    45. Wind
    46. Converter
    47. PawnPawn
    48. Converter
    49. Wind
    50. PawnPawn
    51. Converter
    52. CenturionCenturion
    53. Wind ×2
    54. PawnPawn
    55. Wind ×2
    56. PawnPawn
    57. Wind
    58. CenturionCenturion
    59. Wind
    60. PawnPawn
    61. Wind
    62. PersecutorPersecutordone 12:40
    63. PawnPawn
    64. Wind
    65. CenturionCenturion
    66. Wind ×2
    67. PawnPawn ×2
    68. Wind
    69. CenturionCenturion
    70. Wind
    71. PawnPawn
    72. Wind
    73. PawnPawn
    74. Wind
    75. CenturionCenturion
    76. Wind
    77. PawnPawn
    78. Wind ×2
    79. PawnPawn
    80. CenturionCenturion
    81. Wind ×2
    82. PawnPawn
    83. Wind
    84. PawnPawn
    85. Wind
    86. Con turret
    87. CenturionCenturion
    88. Wind
    89. Con turret
    90. Wind ×2
    91. Advanced Metal ExtractorT2 mex
    92. Bot LabBot Labdone 12:56
    93. Dragon's TeethDragon's Teeth ×3
    94. Wind
    95. PawnPawn
    96. Dragon's TeethDragon's Teeth ×3
    97. Wind
    98. Dragon's TeethDragon's Teeth
    99. BeamerBeamer
    100. Wind
    101. PawnPawn ×2
    102. Con turret
    103. Wind
    104. PawnPawn
    105. Wind
    106. Con turret
    107. CenturionCenturion
    108. Wind
    109. CenturionCenturion
    110. Advanced Metal ExtractorT2 mex
    111. PawnPawn
    112. BeamerBeamer
    113. PawnPawn ×3
    114. CenturionCenturion ×2
    115. PawnPawn
    116. Radar TowerRadar Tower
    117. Advanced Metal ExtractorT2 mex
    118. PawnPawn ×2
    119. Wind ×2
    120. CenturionCenturion
    121. PawnPawn
    122. Fusion ReactorFusionnot finished by 15:00
    123. PawnPawn
    124. CenturionCenturion
    125. PawnPawn ×2
    126. CenturionCenturion
    127. PawnPawn ×2
    128. CenturionCenturion
    129. PawnPawn ×2
    130. CenturionCenturion
    131. PawnPawn ×2
    132. CenturionCenturion

Counts are medians over the build's games: half of them build more, half fewer. The example game is Gieds's (43 OS, 15/10/2026); pick another.

Team trades

IN AT LEAST 30% OF ITS GAMES

You hand over

Nothing regular.

You get

  • Tidal Generator4 Tidal from Pondfirst at 0:11 · in 68% of games
  • Advanced Construction Bot1 T2 con bot from Geo or Techfirst at 7:45 · in 57% of games

How it plays out

Typical game of this build, running totals by minute

Metal produced

010k20k
0:005:0010:0015:00

metal

Enemy metal destroyed

05k10k
0:005:0010:0015:00

metal

Own metal lost

05k10k
0:005:0010:0015:00

metal

2635 games.

Show as table
ByMetal produced: This buildEnemy metal destroyed: This buildOwn metal lost: This build
1:0023000
2:0088700
3:002006193130
4:003105646502
5:0041861357990
6:00535222011677
7:00654530812547
8:00775239633443
9:00903447304337
10:001040053465119
11:001185058925901
12:001353664446633
13:001533969177393
14:001720375528179
15:001915081878947
WHAT THE NUMBERS SAY

Standard Suicide front play wins a bit over half its games while taking the heaviest own losses of any role by 15:00.

  • + Produces 20142 metal by 15:00, highest of the front roles.
  • + First kill by 2:01 in all games, fastest contest of middle.
  • − Own metal lost hits 9178 by 15:00, more than enemy metal destroyed.
  • − Only 34% Rocketeer share shows army spread thin across many bot types.
THE EXAMPLE YOU ARE READING

Gieds

43.1 OS · 15/10/2026

Open source match ↗

12 received units · includes a constructor
62 metal received · 53142 energy received

Allied construction assistance is unknown. Timings are observations, not a promise of solo reproducibility.

Typical milestones

Bot Lab0:26Middle 50%: 0:20–0:33 · n=2626
Advanced Metal Extractor9:49Middle 50%: 8:52–11:00 · n=1888

Played most by

_X_265games of this buildPlatinumBlonde188games of this buildXad165games of this buildTrapCaT112games of this buildSoliloqueur81games of this build